 Seeded DCSS version 0.29.1-15-g9cfb28693d (webtiles) character file.

Game seed: 16245865983455551772 (custom seed)

139 Darius099 the Sneak (level 5, -1/36 HPs)
             Began as an Octopode Brigand on Mar 19, 2023.
             Slain by an orc wizard
             ... wielding a +0 dagger
              (3 damage)
             ... on level 3 of the Dungeon.
             The game lasted 00:08:09 (2528 turns).

Darius099 the Sneak (Octopode Brigand)              Turns: 2528, Time: 00:08:10

Health: -1/36      AC:  1    Str: 10    XL:     5   Next: 22%
Magic:  5/5        EV: 13    Int: 25    God:
Gold:   973        SH:  0    Dex: 16    Spells: 4/4 levels left

rFire   . . .      SeeInvis .   a - +2 dagger
rCold   . . .      Faith    .   (no shield)
rNeg    . . .      Spirit   .   (helmet restricted)
rPois   .          Reflect  .   p - amulet of regeneration
rElec   .          Harm     .   h - +6 ring of intelligence
rCorr   .          Rampage  .   i - +6 ring of intelligence
Will    .....                   (no ring)
Stlth   ++++......              (no ring)
HPRegen 0.92/turn               (no ring)
MPRegen 0.09/turn               (no ring)
                                (no ring)
                                (no ring)

@: no status effects
A: almost no armour, amphibious, 8 rings, camouflage 1, gelatinous body 1,
(nimble swimmer 1), tentacles
a: no special abilities


You were on level 3 of the Dungeon.
You visited 1 branch of the dungeon, and saw 3 of its levels.

You collected 973 gold pieces.

Inventory:

Hand Weapons
 a - a +2 dagger (weapon)
Missiles
 b - 15 poisoned darts (quivered)
 c - 3 curare-tipped darts
Jewellery
 h - a +6 ring of intelligence (left tentacle)
 i - a +6 ring of intelligence (right tentacle)
 p - an amulet of regeneration (around mantle)
Wands
 n - a wand of roots (4)
Scrolls
 d - 2 scrolls of acquirement
 g - 2 scrolls of teleportation {unknown}
 j - 2 scrolls of identify {unknown}
 k - a scroll of summoning {unknown}
 m - a scroll of enchant weapon {unknown}
 o - a scroll of noise {unknown}
Potions
 e - a potion of might {unknown}
 f - 2 potions of flight {unknown}
 l - a potion of lignification {unknown}


   Skills:
 + Level 3.4 Fighting
 + Level 3.4 Short Blades
 - Level 2.0 Throwing
 - Level 1.0 Dodging
 + Level 6.6 Stealth


You had 4 spell levels left.
You didn't know any spells.
Your spell library contained the following spells:

 Spells                   Type           Power      Damage    Failure   Level
 Sting                    Tmut/Pois      0%         1d3       14%         1
 Poisonous Vapours        Pois/Air       0%         N/A       21%         2
 Olgreb's Toxic Radiance  Pois           0%         N/A       80%         4
 Chain Lightning          Conj/Air       0%         N/A       100%        9
 Fire Storm               Conj/Fire      0%         5d1       100%        9
 Shatter                  Erth           0%         3d5*      100%        9


Dungeon Overview and Level Annotations

Branches:
Dungeon (3/15)

Altars:

Shops:
D:3 [


Innate Abilities, Weirdness & Mutations

You cannot wear most types of armour.
You are amphibious.
You can wear up to eight rings at the same time.
Your skin changes colour to match your surroundings (Stealth+).
Your rubbery body absorbs attacks. (AC +1, EV +1)
((You are camouflaged when in or above water. (Stealth+)))
You have tentacles for arms and can constrict up to eight enemies at once.


Message History

You hit the orc wizard. Your grab misses the orc wizard.
The orc wizard is heavily wounded.
The orc wizard closely misses you.
You closely miss the orc wizard. You grab the orc wizard.
You squeeze the orc wizard!
The orc wizard is almost dead.
You constrict the orc wizard, but do no damage.
The orc wizard closely misses you. The orc hits you with a +0 dagger.
You hit the orc wizard.
You kill the orc wizard!
You have reached level 5!
You feel agile.
Unknown command.
You hit the orc but do no damage. Your grab misses the orc.
The hobgoblin barely misses you. The orc barely misses you.
You closely miss the orc. Your grab misses the orc. You closely miss the orc.
You grab the orc. You constrict the orc. The orc hits you with a +0 dagger.
The hobgoblin hits you.
You hit the orc. You squeeze the orc.
The orc is almost dead.
You constrict the orc.
You kill the orc!
The hobgoblin barely misses you.
You closely miss the hobgoblin. You grab the hobgoblin.
You squeeze the hobgoblin.
You kill the hobgoblin!
You hit the orc. Your grab misses the orc.
The orc is moderately wounded.
The orc barely misses you.
You hit the orc.
You kill the orc!
The orc wizard points at you and mumbles some strange words.
The magic dart hits you! The orc wizard casts a spell at you.
The puff of flame hits you!
* * * LOW HITPOINT WARNING * * *
Items here: $ ( ) ? †.
Found an escape hatch in the floor.
The orc wizard hits you with a +0 dagger.
You die...

##### ##
#.#.################.
##.#.#.....)..............
........)####..##########.
.#.#.###)#####.## #....
#.....@....... #.#..
#####o###.#...# #.#.. >..#
#..#.#.. #.#.. ..#### # .
∩.... #.#.. ... .
.#...##.... .# .# ..#
.###### ...... #######
......†


You could see an orc wizard.

Vanquished Creatures
  An orc priest (D:3)
  Jessica (D:2)
  An orc wizard (D:3)
  An adder (D:2)
  5 orcs (D:3)
  2 ball pythons (D:1)
  3 bats
  5 endoplasms
  2 goblins (D:1)
  6 hobgoblins
  4 kobolds
  3 quokkas (D:1)
  3 frilled lizards
  5 rats
42 creatures vanquished.

Vanquished Creatures (others)
  2 plants (D:3)
2 creatures vanquished.

Grand Total: 44 creatures vanquished

Notes
Turn   | Place    | Note
-------+----------+-------------------------------------------
     0 | D:1      | Darius099 the Octopode Brigand began the quest for the Orb.
     0 | D:1      | Reached XP level 1. HP: 14/14 MP: 1/1
   313 | D:1      | Reached XP level 2. HP: 19/19 MP: 2/2
   381 | D:1      | Found a faded altar of an unknown god.
  1196 | D:1      | Reached XP level 3. HP: 24/25 MP: 3/3
  1211 | D:1      | Identified 3 scrolls of acquirement
  1211 | D:1      | Acquired 851 gold pieces
  1287 | D:2      | Noticed Jessica
  1291 | D:2      | Killed Jessica
  1292 | D:2      | Reached skill level 6 in Stealth
  1292 | D:2      | Reached XP level 4. HP: 30/30 MP: 4/4
  2506 | D:3      | Found Ymmy Ciutu's Antique Armour Shoppe.
  2520 | D:3      | Reached XP level 5. HP: 21/36 MP: 5/5
  2527 | D:3      | HP: 1/36 [orc wizard/puff of flame (14)]
  2528 | D:3      | Slain by an orc wizard

Illustrated notes

Levels and vault maps discovered:
D:1:      minmay_arrival_hallway, layout_loops_corners, basic_ecumenical_altar,
          minmay_unequal
D:2:      layout_loops_ring, uniq_jessica
D:3:      layout_basic, serial_shops, nicolae_shop_advertising_works
          [nicolae_subvault_shop_adworks], minmay_shallow_snake_nest,
          uniq_natasha

Skill      XL: |  1  2  3  4 |
---------------+-------------+-----
Stealth        | 6 |  6.6
Fighting       | 3 |  3.4
Short Blades   | 3 |  3.4
Throwing       | |  2.0
Dodging        | |  1.0

Action                   |  1- 3 |  4- 6 || total
-------------------------+-------+-------++-------
Melee: Dagger            |    33 |    43 ||    76
       Constrict         |     9 |    11 ||    20
       Tentacles         |     3 |     9 ||    12
  Use: Scroll            |     1 |       ||     1
 Stab: Sleeping          |    11 |     4 ||    15
Armor: Skin              |     1 |       ||     1
Dodge: Dodged            |    12 |    15 ||    27
